 Dungeon Crawl Stone Soup version 0.21-a0-273-g0785366 (webtiles) character file.

37 vishdafish the Skirmisher (level 3, -2/29 HPs)
             Began as a Demonspawn Fighter on Sept 16, 2017.
             Slain by Sigmund
             ... wielding a +0 scythe
              (8 damage)
             ... on level 2 of the Dungeon.
             The game lasted 00:04:19 (1877 turns).

vishdafish the Skirmisher (Demonspawn Fighter)      Turns: 1877, Time: 00:04:20

Health: -2/29      AC:  6    Str: 16 (17) XL:     3   Next: 23%
Magic:  3/3        EV:  6    Int:  7 (9)  God:
Gold:   81         SH:  8    Dex: 11 (12) Spells: 2/2 levels left

rFire    + . .     SeeInvis .   a - +0 long sword
rCold    . . .     Gourm    .   c - +0 shield
rNeg     . . .     Faith    .   b - +0 scale mail
rPois    .         Spirit   .   (no helmet)
rElec    .         Reflect  .   (no cloak)
rCorr    .         Harm     .   (no gloves)
MR       .....                  (no boots)
Stlth    ..........             (no amulet)
HPRegen  0.09/turn              (no ring)
MPRegen  0.08/turn              (no ring)

@: no status effects
A: fire resistance 1
a: no special abilities


You were on level 2 of the Dungeon.
You were not hungry.

You visited 1 branch of the dungeon, and saw 3 of its levels.

You collected 81 gold pieces.

Inventory:

Hand Weapons
 a - a +0 long sword (weapon)
 d - a +0 hunting sling
Armour
 b - a +0 scale mail (worn)
 c - a +0 shield (worn)
Scrolls
 e - 3 scrolls of identify {unknown}
 f - a scroll of fog {unknown}
 h - a scroll of amnesia {unknown}
 j - 2 scrolls of teleportation {unknown}
 m - a scroll of random uselessness {unknown}
 o - a scroll of remove curse {unknown}
Potions
 i - a potion of agility {unknown}
 l - a potion of cancellation {unknown}
 n - a potion of heal wounds {unknown}
Comestibles
 k - a meat ration


   Skills:
 + Level 3.3 Fighting
 * Level 2.3 Long Blades
 + Level 3.0 Armour
 * Level 0.1 Dodging
 + Level 3.0 Shields


You had 2 spell levels left.
You didn't know any spells.

Dungeon Overview and Level Annotations

Branches:
Dungeon (3/15)

Altars:

Annotations:
D:2 Sigmund


Innate Abilities, Weirdness & Mutations

Your flesh is heat resistant. (rF+)


Message History

Sigmund is heavily wounded.
You block the rat's attack. You block Sigmund's attack. The rat bites you.
You barely miss Sigmund.
Sigmund is heavily wounded.
Sigmund gestures wildly while chanting.
Sigmund flickers and vanishes!
Deactivating autopickup; reactivate with Ctrl-A.
The rat bites you but does no damage.
You miss something. Something hits you. You block the rat's attack.
Okay, then.
You closely miss something. You block the rat's attack.
Something completely misses you. The rat bites you.
You barely miss something. Something hits you!
* * * LOW HITPOINT WARNING * * *
You block the rat's attack.
It was a potion of degeneration.
There was something very wrong with that liquid.
You feel weakened.
You feel dopey.
You feel clumsy. The rat bites you but does no damage. Something hits you!
You die...

. #.# ##...###
##(..# #..###
#.#...# #...#
#....# #.###.##
#...# #...<###.#
#..# ..#..
####..##.# ##.#
##.###..#
#.....####.##...#
#.........[.....#
###...####..###.#
##@..##.@.#
##....r{######
###.......#...#
#.............#
#.............#
##.....(.>..?..#
.................#
.##..............#
###..............


You could see a rat.

Vanquished Creatures
  2 worms
  2 dart slugs
  3 hobgoblins (D:1)
  4 jackals (D:1)
  7 bats
  4 kobolds
  7 rats
29 creatures vanquished.

Notes
Turn   | Place    | Note
-------+----------+-------------------------------------------
     0 | D:1      | vishdafish the Demonspawn Fighter began the quest for the Orb.
     0 | D:1      | Reached XP level 1. HP: 18/18 MP: 1/1
   403 | D:1      | Gained mutation: Your flesh is heat resistant. (rF+) [demonic ancestry]
   403 | D:1      | Reached XP level 2. HP: 24/24 MP: 2/2
   715 | D:2      | Noticed Sigmund
  1424 | D:3      | Reached XP level 3. HP: 8/29 MP: 3/3
  1877 | D:2      | Slain by Sigmund

Vault maps used:
D:1:      saegor_arrival_miasma
D:2:      uniq_sigmund
D:3:      nicolae_ru_the_path_less_chosen, minmay_divided_ellipse, uniq_natasha

Skill      XL: |  1  2  3 |
---------------+----------+-----
Long Blades    | 2 |  2.3
Shields        | 3 |  3.0
Armour         | 3 |  3.0
Fighting       | |  3.3
Dodging        | |  0.1

Action                   || total
-------------------------++-------
Melee: Long sword        ||    96
  Use: Potion            ||     2
  Eat: Bread ration      ||     1
Armor: Scale mail        ||    61
Dodge: Dodged            ||    35
Block: Shield            ||    58
       Rpst.: Long sword ||     8

Table legend:
 A = Spawn XP
 B = Non-spawn XP
 C = Spawn XP percentage of total XP
 D = Spawn monster count
 E = Non-spawn monster count
 F = Spawn count percentage of total count
 G = Total turns spent on level
                    A         B        C        D         E        F      G
               +---------+---------+-------+---------+---------+-------+---------
         Total |       0 |      54 |   0.0 |       0 |      29 |   0.0 |  1877
               +---------+---------+-------+---------+---------+-------+---------
           D:1 |       0 |      34 |   0.0 |       0 |      21 |   0.0 |  1291
           D:2 |       0 |       8 |   0.0 |       0 |       4 |   0.0 |   161
           D:3 |       0 |      12 |   0.0 |       0 |       4 |   0.0 |   425
               +---------+---------+-------+---------+---------+-------+---------
